 Dungeon Crawl Stone Soup version 0.31-a0-1610-g9787180 (webtiles) character file.

Game seed: 15086971820806577191

18 PidgeyThePirate the Trooper (level 2, 33/33 HPs)
             Began as an Oni Chaos Knight on Jan 8, 2024.
             Was a Plaything of Xom.
             Got out of the dungeon alive.
             The game lasted 00:00:44 (489 turns).

PidgeyThePirate the Trooper (Oni Chaos Knight)       Turns: 489, Time: 00:00:44

Health: 33/33      AC:  5    Str: 15    XL:     2   Next: 70%
Magic:  2/2        EV: 10    Int: 13    God:    Xom [..*...]
Gold:   5          SH:  0    Dex:  8    Spells: 1/1 levels left

rFire   . . .        a - +0 hand axe (chaos)
rCold   . . .        (no shield)
rNeg    . . .        b - +2 robe
rPois   .            (helmet restricted)
rElec   .            (no cloak)
rCorr   .            (gloves unavailable)
SInv    .            (boots unavailable)
Will    .....        (no amulet)
Stlth   +            (no ring)
HPRegen 0.25/turn    (no ring)
MPRegen 0.08/turn

%: no passive effects
@: no status effects
A: large, unfitting armour, horns 1, tough skin 1, double potion healing,
drunken brawling
a: Renounce Religion


You escaped.
You worshipped Xom.
You were a toy of Xom.
You visited 1 branch of the dungeon, and saw 1 of its levels.

You collected 5 gold pieces.

Inventory:

Hand Weapons
 a - a +0 hand axe of chaos (weapon)
Armour
 b - a +2 robe (worn)
Scrolls
 c - a scroll of butterflies
 e - a scroll of revelation {unknown}
 f - a scroll of poison {unknown}
Potions
 d - a potion of might {unknown}


   Skills:
 + Level 4.3 Fighting
 + Level 3.4 Axes
 + Level 2.3 Dodging


You had one spell level left.
You didn't know any spells.
Your spell library was empty.

Dungeon Overview and Level Annotations

Branches:
Dungeon (1/15)

Altars:


Innate Abilities, Weirdness & Mutations

You are too large for most types of armour.
You have a pair of small horns on your head.
You have tough skin. (AC +1)
You gain doubled healing and magic from potions.
Whenever you drink a healing potion, you attack all around you.


Message History

You hit the bat.
You kill the bat!
A bat comes into view.
A bat is nearby!
You hit the bat. You burn the bat.
The bat is severely wounded.
The bat closely misses you. The bat completely misses you.
You see here a scroll labelled JEZIMA BECYC.
The bat closely misses you. The bat misses you. The bat closely misses you.
You hit the bat.
You kill the bat!
You see here a bat corpse.
f - a scroll labelled JEZIMA BECYC Xom smirks.
You detect nothing.
You open the door.
There is an open door here.
As you open the door, it creaks loudly!
There is an open door here.
Xom's attention almost turns to you for a moment.
A monocle briefly appears over your right eye.
There is an open door here.
You open the door.
There is an open door here.
You see here a dart slug corpse.
There is an open door here.
There is an open door here.
You see here a bat skeleton.
There is an open door here.
You open the door.
There is an open door here.
There is an open gate here.
There is an open door here.
There is an open door here.
There is a staircase leading out of the dungeon here.
There is a staircase leading out of the dungeon here.
You can't go down here!
You have escaped!

#...☼☼#...# #.....
#.........#
#.###.#### #.......#
#........ #######
######.###. #...#
##..##...## ##'##
#§☼≈.#....##
##...####☼§≈.#......
#.....#≈#.§≈≈#..####
+..@..'.#≈≈☼≈#..#
#.....#≈#..≈°#..#
##...####..☼☼##'##
##'## #§.§.#...##
##8.8## ##..##....##
####'####
####...(.(#
##..#..§.##
#.........
#.........#
+.........
#.........#
#.........


There were no monsters in sight!

Vanquished Creatures
  A dart slug (D:1)
  2 giant cockroaches (D:1)
  A goblin (D:1)
  4 jackals (D:1)
  A kobold (D:1)
  5 bats (D:1)
14 creatures vanquished.

Notes
Turn   | Place    | Note
-------+----------+-------------------------------------------
     0 | D:1      | PidgeyThePirate the Oni Chaos Knight began the quest for
                  | the Orb.
     0 | D:1      | Reached XP level 1. HP: 24/24 MP: 1/1
   136 | D:1      | XOM: potion effect (brilliance)
   213 | D:1      | Reached XP level 2. HP: 32/32 MP: 2/2
   333 | D:1      | XOM: divination: detect creatures
   371 | D:1      | XOM: silly message
   489 | D:$      | Got out of the dungeon alive.

Illustrated notes

Levels and vault maps discovered:
D:1:      shiori_arrival_elements, layout_loops_corners

Action                     || total
---------------------------++-------
  Melee: Hand axe          ||    35
         Headbutt          ||     3
   Stab: Petrifying        ||     1
 Armour: Robe              ||    25
  Dodge: Dodged            ||    22

Table legend: (Time is in decaauts)
 A = Elapsed time spent in this place.
 B = Non-inter-level travel time spent in this place.
 C = Inter-level travel time spent in this place.
 D = Time resting spent in this place.
 E = Time spent auto-exploring this place.
 F = Levels seen in this place.
 G = Mean time per level.
                   A        B        C        D        E       F      G
               +--------+--------+--------+--------+--------+-----+--------+
         Total |    493 |    378 |    115 |      0 |    280 |   1 |  493.0 |
       Dungeon |    493 |    378 |    115 |      0 |    280 |   1 |  493.0 |
               +--------+--------+--------+--------+--------+-----+--------+

Top non-repeatable levels by time:
     D:1: 493 daAuts
